 Dungeon Crawl Stone Soup version 0.30-a0-867-g305f33218d (webtiles) character file.

Game seed: 16988261097458515408

74 Zenkrye the Poker (level 4, -2/35 HPs)
             Began as a Human Cinder Acolyte on Mar 10, 2023.
             Was a High Priest of Ignis.
             Killed from afar by an orc wizard (8 damage)
             ... with a magic dart
             ... on level 5 of the Dungeon.
             The game lasted 00:03:10 (1788 turns).

Zenkrye the Poker (Human Cinder Acolyte)            Turns: 1788, Time: 00:03:10

Health: -2/35      AC:  5    Str: 16    XL:     4   Next: 54%
Magic:  5/5        EV: 10    Int: 14    God:    Ignis [*****.]
Gold:   85         SH:  0    Dex:  9    Spells: 3/5 levels left

rFire   + . .      SeeInvis .    a - -1 spear (flame)
rCold   . . .      Faith    .    (no shield)
rNeg    . . .      Spirit   .    d - +0 ring mail
rPois   .          Reflect  .    (no helmet)
rElec   .          Rampage  .    (no cloak)
rCorr   .                        (no gloves)
Will    .....                    (no boots) Stlth
                                 g - amulet of regeneration
HPRegen 1.05/turn                (no ring)
MPRegen 0.09/turn                (no ring)

@: confused
A: no striking features
a: Renounce Religion, Fiery Armour, Foxfire Swarm, Rising Flame


You were on level 5 of the Dungeon.
You worshipped Ignis.
Ignis was extremely pleased with you.
You visited 1 branch of the dungeon, and saw 4 of its levels.

You collected 85 gold pieces.

Inventory:

Hand Weapons
 a - a -1 spear of flaming (weapon)
Armour
 b - a +0 robe
 d - a +0 ring mail (worn)
Jewellery
 g - an amulet of regeneration (around neck)
Wands
 o - a wand of light (4)
Scrolls
 c - a scroll of blinking {unknown}
 e - 3 scrolls of identify {unknown}
 f - a scroll of teleportation {unknown}
 h - a scroll of noise {unknown}
 j - a scroll of vulnerability {unknown}
 l - a scroll of amnesia
 m - 2 scrolls of fog {unknown}
 p - a scroll of enchant armour {unknown}
Potions
 i - 3 potions of curing {unknown}
 k - a potion of haste {unknown}
 n - a potion of might {unknown}


   Skills:
 - Level 3.0 Fighting
 + Level 5.0 Polearms
 - Level 1.0 Spellcasting
 - Level 3.0 Fire Magic


You had 3 spell levels left.
You knew the following spells:

 Your Spells              Type           Power      Damage    Failure   Level
a - Scorch                Fire           18%        2d5       22%         2

Your spell library contained the following spells:

 Spells                   Type           Power      Damage    Failure   Level


Dungeon Overview and Level Annotations

Branches:
Dungeon (3/15)

Altars:

Shops:
D:1 ?

Annotations:
D:2 1 runed translucent door, Crazy Yiuf


Message History

The orc wizard hits you with a +4 dagger.
You hit the orc priest. You burn the orc priest.
The orc priest is heavily wounded.
The orc wizard points at you and mumbles some strange words.
The magic dart hits you.
The orc wizard hits you but does no damage.
You hit the orc wizard. You burn the orc wizard.
The orc wizard is heavily wounded.
The orc wizard hits you with a +4 dagger.
The orc wizard gestures at you while chanting.
The magic dart hits you!
The orc priest calls upon Beogh to heal the orc wizard.
The orc wizard is healed somewhat.
You feel less confused.
The orc wizard points at you and mumbles some strange words.
You are confused.
The orc priest mumbles some strange prayers to Beogh against you.
Pain shoots through your body!
The orc wizard gestures wildly while chanting.
The orc wizard flickers and vanishes!
The orc wizard closely misses you.
You closely miss the orc wizard.
The orc wizard is lightly wounded.
The orc priest hits you with a +0 club. The orc wizard misses you.
The orc priest hits you with a +0 club. Something hits you.
You miss the ufetubus.
The ufetubus hits you but does no damage.
The ufetubus barely misses you. Something hits you.
* * * LOW HITPOINT WARNING * * *
The orc priest hits you but does no damage.
The orc wizard hits you but does no damage.
You miss something. The ufetubus completely misses you.
The ufetubus closely misses you. Something hits you.
* * * LOW HITPOINT WARNING * * *
The orc wizard hits you but does no damage.
The orc priest hits you with a +0 club.
* * * LOW HITPOINT WARNING * * *
You hear some strange, mumbled words.
A magic dart appears from out of thin air!
The magic dart hits you!
You die...

..##...#
#.##...#
###.##...#
#...##...#
#.####...###
#..........#
#######>.....#
.........o{..#
..#####<5@o..#
#......#
#........#
#..........#
#..........#
............#
...^..#+#.###
...... .#


You could see an orc priest, an orc wizard and an ufetubus.

Vanquished Creatures
  3 adders (D:2)
  2 worms (D:2)
  A dart slug (D:1)
  3 ball pythons
  5 endoplasms
  A giant cockroach (D:2)
  2 hobgoblins (D:1)
  2 jackals (D:1)
  3 kobolds
  A quokka (D:2)
  3 bats (D:1)
  6 frilled lizards
  4 goblins
  6 rats
42 creatures vanquished.

Notes
Turn   | Place    | Note
-------+----------+-------------------------------------------
     0 | D:1      | Zenkrye the Human Cinder Acolyte began the quest for the
                  | Orb.
     0 | D:1      | Reached XP level 1. HP: 18/18 MP: 2/2
   200 | D:1      | Reached XP level 2. HP: 24/24 MP: 3/3
   203 | D:1      | Learned a level 2 spell: Scorch
   739 | D:1      | Reached skill level 4 in Polearms
   739 | D:1      | Reached XP level 3. HP: 29/29 MP: 4/4
   909 | D:1      | Found Luthropn's Magic Scroll Boutique.
  1330 | D:2      | Reached XP level 4. HP: 29/35 MP: 0/5
  1513 | D:2      | Found a runed translucent door.
  1514 | D:2      | Noticed Crazy Yiuf
  1735 | D:3      | Reached skill level 5 in Polearms
  1766 | D:3      | You fall into a shaft and drop 2 floors!
  1766 | D:5      | Entered Level 5 of the Dungeon
  1788 | D:5      | Killed from afar by an orc wizard

Illustrated notes

Levels and vault maps discovered:
D:1:      erik_arrival_blinker_ship, layout_basic, serial_shops, shop
D:2:      layout_basic, minmay_increasing_density, uniq_crazy_yiuf_cottage
D:3:      layout_rooms, mainiacjoe_overflow_brackets,
          mainiacjoe_overflow_surrounded_room,
          dreamdust_ecumenical_altar_statues, minmay_pentomino_pile
D:5:      minmay_octagon_keep, layout_basic, gammafunk_ghost_grave,
          uniq_blork_the_orc

Skill      XL: |  1  2  3  4 |
---------------+-------------+-----
Polearms       | 4 5 |  5.0
Fighting       | |  3.0
Spellcasting   | |  1.0
Fire Magic     | |  3.0

Action                     |  1- 3 |  4- 6 || total
---------------------------+-------+-------++-------
  Melee: Spear             |   116 |    26 ||   142
         Punch             |     1 |       ||     1
   Cast: Scorch            |       |     1 ||     1
    Use: Scroll            |     2 |       ||     2
   Stab: Sleeping          |     1 |       ||     1
 Armour: Robe              |     6 |       ||     6
         Ring mail         |    17 |    10 ||    27
  Dodge: Dodged            |    38 |     9 ||    47

Table legend: (Time is in decaauts)
 A = Elapsed time spent in this place.
 B = Non-inter-level travel time spent in this place.
 C = Inter-level travel time spent in this place.
 D = Time resting spent in this place.
 E = Time spent auto-exploring this place.
 F = Levels seen in this place.
 G = Mean time per level.
                   A        B        C        D        E       F      G
               +--------+--------+--------+--------+--------+-----+--------+
         Total |   1772 |   1726 |     46 |      0 |   1403 |   4 |  443.0 |
       Dungeon |   1772 |   1726 |     46 |      0 |   1403 |   4 |  443.0 |
               +--------+--------+--------+--------+--------+-----+--------+

Top non-repeatable levels by time:
     D:1: 1007 daAuts
     D:2: 711 daAuts
     D:3: 33 daAuts
     D:5: 21 daAuts
